 Dungeon Crawl Stone Soup version bcrawl-1.34.4 (webtiles) character file.

Game seed: 5549833099682201099

208476 KristoblXynda the Cutter (level 7, -2/75 HPs)
             Began as a Kobold Gladiator on Oct 25, 2021.
             Slain by a gnoll
             ... wielding a +0 halberd
              (3 damage)
             ... on level 4 of the Dungeon.
             The game lasted 00:05:13 (2926 turns).

KristoblXynda the Cutter (Kobold Gladiator)         Turns: 2926, Time: 00:05:14

Health: -2/75      AC: 23    Str: 13    XL:     7   Next: 15%
Magic:  7/7        EV:  1    Int:  9    God:
Gold:   200        SH:  0    Dex: 11    Spells: 6/6 levels left

rFire    . . .     SeeInvis .   a - +1 rapier
rCold    . . .     Gourm    .   (shield restricted)
rNeg     + + +     Faith    .   (armour currently unavailable)
rPois    +         Spirit   .   (helmet currently unavailable)
rElec    .         Reflect  .   (cloak currently unavailable)
rCorr    .         Harm     .   (gloves currently unavailable)
MR       .....     NoTele   +   (boots currently unavailable)
Stlth    ++........             (no amulet)
HPRegen  0.22/turn              p - ring of positive energy
MPRegen  0.10/turn              o - -6 ring of dexterity (curse)

@: lethally poisoned (-2 -> -2), tree-form (expiring)
A: giant, carnivore, mutation resistance 1, sense surroundings 2
a: no special abilities


You were on level 4 of the Dungeon.
You were very full.
You were a tree.
You visited 1 branch of the dungeon, and saw 4 of its levels.

You collected 200 gold pieces.

Inventory:

Hand Weapons
 a - a +1 rapier (weapon)
Missiles
 d - 3 throwing nets {=f}
Armour
 b - a +0 leather armour (melded)
 c - a +1 helmet (melded)
 h - a +0 ring mail
 k - a scarf of repulsion (melded)
Jewellery
 m - an uncursed ring of insulation
 o - a cursed -6 ring of dexterity (right branch)
 p - a ring of positive energy (left branch)
Scrolls
 i - 3 scrolls of identify
Potions
 j - a potion of magic
 n - 2 potions of flight
Comestibles
 e - 4 rations {!d}
 l - 3 chunks of flesh


   Skills:
 + Level 5.0 Fighting
 + Level 6.0 Short Blades
 - Level 3.0 Throwing
 + Level 5.5 Dodging
 + Level 4.4 Stealth


You had 6 spell levels left.
You didn't know any spells.
Your spell library contained the following spells:

 Spells                   Type           Power        Failure   Level  Hunger
 Confuse                  Hex            #.......     77%         3    #####..
 Dazzling Orbs            Conj/Hex       #......      77%         3    #####..
 Petrify                  Tmut/Erth      #.........   99%         4    ######.
 Yara's Violent Unravell  Hex/Tmut       #.........   99%         4    ######.
 Metabolic Englaciation   Hex/Ice        #.........   100%        5    #######
 Mana Rupture             Conj/Hex       #.........   100%        7    #######


Dungeon Overview and Level Annotations

Branches:
Dungeon (4/12)
 Temple: D:4-7

Altars:
Elyvilon
Gozag
Ru

Annotations:
D:1 1 exclusion


Innate Abilities, Weirdness & Mutations

You are small and have problems with some larger weapons.
((You have sharp toenails.))
You are carnivorous and can eat meat at any time.
You are somewhat resistant to further mutation.
You passively map the area around you.


Message History

The phantom is almost destroyed.
The adder bites you but does no damage.
The jackal bites you but does no damage.
The phantom blinks!
The gnoll hits you but does no damage.
The ball python bites you but does no damage.
The gnoll hits you from afar with a +0 halberd.
* * * LOW HITPOINT WARNING * * *
A gnoll comes into view. It is wielding a +0 flail.
The adder bites you but does no damage.
The jackal bites you but does no damage.
You closely miss the jackal.
The gnoll hits you from afar with a +0 spear.
* * * LOW HITPOINT WARNING * * *
The ball python bites you but does no damage.
The gnoll hits you but does no damage. The adder bites you but does no damage.
The jackal bites you but does no damage.
The gnoll hits you.
* * * LOW HITPOINT WARNING * * *
The gnoll hits you from afar with a +0 halberd.
You die...

,
....................#
* *
..............########
, gW............# , ,
..............# * *
..............#
....o.........# *
,.....g.gg.....# *, ,
.....ggSS....## * , ,
....##♣h...## , ,.###
####### * , , ,* , *
,, * ** * ,* * ,* * ,
, *,,,*


You could see a phantom, an orc wizard, 6 gnolls, an adder, a jackal and a ball
python.

Vanquished Creatures
  A howler monkey (D:4)
  2 hounds (D:4)
  A jelly (D:4)
  Jessica (D:2)
  Terence (D:2)
  An orc wizard (D:3)
  Robin (D:3)
  7 adders
  2 gnolls (D:4)
  2 oozes (D:3)
  A worm (D:3)
  3 dart slugs
  4 leopard geckos
  8 orcs
  4 giant cockroaches
  15 goblins
  8 hobgoblins
  13 jackals (D:4)
  2 ball pythons
  6 bats
  5 frilled lizards
  6 kobolds
  6 rats
100 creatures vanquished.

Notes
Turn   | Place    | Note
-------+----------+-------------------------------------------
     0 | D:1      | KristoblXynda the Kobold Gladiator began the quest for the
                  | Orb.
     0 | D:1      | Reached XP level 1. HP: 16/16 MP: 1/1
   137 | D:1      | Reached XP level 2. HP: 21/21 MP: 2/2
   358 | D:1      | Reached XP level 3. HP: 26/26 MP: 3/3
   437 | D:1      | Reached skill level 1 in Stealth
   876 | D:2      | Noticed Terence
   889 | D:2      | Killed Terence
   890 | D:2      | Reached XP level 4. HP: 25/33 MP: 4/4
   992 | D:2      | Found a white marble altar of Elyvilon.
  1319 | D:2      | Noticed Jessica
  1327 | D:2      | Killed Jessica
  1459 | D:2      | Found an opulent altar of Gozag.
  1736 | D:3      | Reached XP level 5. HP: 37/37 MP: 5/5
  1758 | D:3      | Reached skill level 5 in Short Blades
  1952 | D:3      | Noticed Robin
  1962 | D:3      | Killed Robin
  2176 | D:3      | Reached XP level 6. HP: 43/44 MP: 6/6
  2283 | D:3      | Reached skill level 5 in Dodging
  2406 | D:3      | Found a sacrificial altar of Ru.
  2864 | D:4      | Noticed a phantom
  2911 | D:4      | Reached XP level 7. HP: 26/49 MP: 7/7
  2913 | D:4      | Reached skill level 5 in Fighting
  2913 | D:4      | Reached skill level 6 in Short Blades
  2926 | D:4      | HP: 1/75 [gnoll (5)]
  2926 | D:4      | Slain by a gnoll

Skill      XL: |  1  2  3  4  5  6  7 |
---------------+----------------------+-----
Throwing       | 3 |  3.0
Dodging        | 4 5 |  5.5
Stealth        | 1 2 3 4 |  4.4
Fighting       | 4 5 |  5.0
Short Blades   | 5 6 |  6.0

Action                   |  1- 3 |  4- 6 |  7- 9 || total
-------------------------+-------+-------+-------++-------
Melee: Rapier            |    49 |   222 |    15 ||   286
       Kick              |    11 |    49 |       ||    60
  Use: Scroll            |     1 |     6 |       ||     7
       Potion            |       |     2 |     1 ||     3
 Stab: Sleeping          |     4 |     3 |       ||     7
       Distracted        |       |     1 |       ||     1
  Eat: Chunk             |     8 |    12 |       ||    20
Armor: Leather armour    |     4 |    50 |       ||    54
       Skin              |       |    65 |    65 ||   130
Dodge: Dodged            |    35 |   232 |     1 ||   268
